 Dungeon Crawl Stone Soup version 0.20.0-10-g0535bb4 (webtiles) character file.

224958 kuniqs the Dancer (level 19, -4/104 HPs)
             Began as a Vine Stalker Fighter on June 4, 2017.
             Was a Priest of Uskayaw.
             Slain by a reaper
             ... wielding a +3 antimagic scythe
              (34 damage)
             ... in the Vestibule of Hell.
             The game lasted 00:57:47 (19829 turns).

kuniqs the Dancer (Vine Stalker Fighter)           Turns: 19829, Time: 00:57:48

Health: -4/104     AC: 18    Str: 25    XL:     19   Next: 70%
Magic:  0/40       EV: 16    Int: 15    God:    Uskayaw [***...]
Gold:   1715       SH: 14    Dex: 19    Spells: 18/18 levels left

rFire    + + .     SeeInvis +   I - +7 short sword of the Shark {speed, rC+ Dex+5}
rCold    + . .     Gourm    .   c - +0 shield
rNeg     + + .     Faith    +   o - +0 chain mail {rF+}
rPois    +         Spirit   +   P - +3 hat of Pondering {ponderous, MR+ MP+10 Int+5}
rElec    .         Reflect  .   Y - +0 cloak
rCorr    .         Harm     .   (no gloves)
MR       +++..                  A - +0 pair of boots
Stlth    ..........             x - amulet of faith
Regen    1.1/turn               r - ring "Pyabi" {rN++ Int+2 Dex-2 SInv}
MPRegen  0.3/turn               a - ring of protection from fire

@: drained, slow
A: antennae 1, fangs 3, poison resistance, regeneration 2, magic shield,
antimagic bite, no potion heal 3, rot immunity
a: Stomp, Line Pass, Renounce Religion


You were in the Vestibule of Hell.
You worshipped Uskayaw.
Uskayaw was pleased with you.
You were not hungry.

You visited 3 branches of the dungeon, and saw 21 of its levels.

You collected 2235 gold pieces.
You spent 520 gold pieces at shops.

Inventory:

Hand Weapons
 I - the +7 short sword of the Shark (weapon) {speed, rC+ Dex+5}
   (You bought it in a shop on level 6 of the Dungeon)

   Attacks with this weapon are significantly faster.
   It affects your dexterity (+5).
   It protects you from cold.
 L - the +10 zealot's sword {holy, *Rage rN+ EV+3}
   (You found it on level 7 of the Dungeon)

   It has been blessed by the Shining One to cause great damage to the undead
   and demons.
   It affects your evasion (+3).
   It protects you from negative energy.
   It may make you go berserk in combat.
 X - a +2 dagger of distortion
Missiles
 v - 5 throwing nets (quivered)
Armour
 c - a +0 shield (worn)
 o - a +0 chain mail of fire resistance (worn)
 A - a +0 pair of boots (worn)
 P - the +3 hat of Pondering (worn) {ponderous, MR+ MP+10 Int+5}
   (You took it off Gastronok on level 8 of the Dungeon)

   It affects your intelligence (+5).
   It affects your resistance to hostile enchantments.
   It affects your magic capacity (+10).
 Y - a +0 cloak (worn)
Jewellery
 a - a ring of protection from fire (right hand)
 r - the ring "Pyabi" (left hand) {rN++ Int+2 Dex-2 SInv}
   (You took it off a centaur warrior on level 2 of the Depths)

   [ring of intelligence]

   It affects your intelligence (+2).
   It affects your dexterity (-2).
   It greatly protects you from negative energy.
   It lets you see invisible.
 x - an amulet of faith (around neck)
 C - an uncursed ring of resist corrosion
Wands
 u - a wand of digging (9/24)
 D - a wand of digging (12/24)
 V - a wand of flame (21/48)
 Z - a wand of confusion (17/48)
Scrolls
 b - a scroll of fog
 h - 14 scrolls of remove curse {@r2}
 i - 8 scrolls of identify {@r1}
 k - 2 scrolls of fear
 n - 11 scrolls of teleportation
 q - 2 scrolls of enchant weapon
 t - 2 scrolls of immolation
 y - a scroll of magic mapping
 E - a scroll of vulnerability
 R - 3 scrolls of recharging
 T - a scroll of blinking
Potions
 j - 7 potions of might
 m - a potion of invisibility
 p - 2 potions of resistance
 s - 6 potions of curing {@q1}
 w - 2 potions of berserk rage
 z - 4 potions of haste
 G - 2 potions of magic
 J - 3 potions of flight
 K - a potion of mutation
 N - 5 potions of agility
 W - a potion of cancellation
Miscellaneous
 B - a lightning rod (4/4)
 M - a fan of gales
 Q - 2 phantom mirrors
 U - a box of beasts
Comestibles
 d - 15 bread rations
 e - 3 meat rations
 f - 25 fruits
 g - 26 royal jellies


   Skills:
 + Level 13.1(13.0) Fighting
 - Level 12.2(12.1) Short Blades
   Level 1.2(1.1) Maces & Flails
 + Level 11.9(11.8) Armour
 + Level 11.8(11.7) Dodging
 + Level 5.6(5.5) Stealth
 + Level 13.3(13.2) Shields
 + Level 13.5(13.4) Invocations


You had 18 spell levels left.
You didn't know any spells.

Dungeon Overview and Level Annotations

Branches:
Dungeon (15/15)            Temple (0/1) D:5            Lair (0/6) D:11
    Orc (0/2) D:11         Vaults (0/5) D:13         Depths (5/5) D:15
   Hell (1/1)
    Dis: Hell:1         Geh: Hell:1         Coc: Hell:1         Tar: Hell:1
    Zot: Depths:5

Altars:
Cheibriados
Dithmenos
Fedhas
Kikubaaqudgha
Nemelex Xobeh
Sif Muna
Trog
Uskayaw
Yredelemnul
The Shining One

Shops:
D:6 (   D:10 %   D:11 !   D:14 }%

Portals:
Hell: Depths:1 Depths:2 Depths:3 Depths:4
Abyss: Depths:4* Depths:5
Pandemonium: Depths:1 Depths:2 Depths:3
Ziggurat: Depths:1

Annotations:
Depths:2 exclusion: 2 doors
Depths:4 exclusion: downstairs
Hell Geryon


Innate Abilities, Weirdness & Mutations

You have razor-sharp teeth.
You heal very quickly.
When hurt, damage is shared between your health and your magic reserves.
Your bite disrupts and absorbs the magic of your enemies.
Potions cannot restore your health.
You are immune to rotting.
You have a pair of small antennae on your head.
Your system is resistant to poisons. (rPois)


Message History

The reaper hits you from afar with an antimagic scythe!!
You feel your power leaking away. You block the soul eater's attack.
The red devil hits you from afar with a trident.
A crimson imp and a red devil come into view.
The crimson imp shouts!
You hit the soul eater. Your bite misses the soul eater.
The soul eater is heavily wounded.
You block the spark wasp zombie's attack.
The yaktaur zombie barely misses you. You block the hell rat's attack.
The shock serpent skeleton barely misses you.
The spark wasp zombie hits you but does no damage.
The crimson imp blinks!
The deep troll shaman zombie bites you!
The deep troll shaman zombie claws you but does no damage.
The deep troll shaman zombie claws you.
* * * LOW HITPOINT WARNING * * *
The soul eater completely misses you. You block the red devil's attack.
You block the shock serpent skeleton's attack.
The reaper hits you from afar with an antimagic scythe!!
You die...

.#...#........
. .............
..#...#........
...............
.......4.......
......rrZ......
.....4pZZ2.....
...p.EL@Z3.....
......23Z2.....
......rhZh.....
..........2h...
...........3...
....∩......h..§
...∩.∩.......42
...............


You could see 2 hell beasts, a revenant, a reaper, a soul eater, a hell hog, a
sun demon, 2 necromancers, a smoke demon, 2 hellions, a fire elemental, 3 red
devils, 3 hell hounds, 3 hell rats, a deep elf high priest zombie, a spriggan
berserker zombie, a yaktaur zombie, a deep troll shaman zombie, a spark wasp
zombie and a shock serpent skeleton.

Vanquished Creatures
  2 juggernauts
  Bai Suzhen (Depths:1)
  A caustic shrike (Depths:2)
  Jorgrun (Depths:1)
  A quicksilver dragon (Depths:2)
  A sphinx (Depths:2)
  Gastronok (D:8)
  2 tengu reavers
  A shadow dragon (Depths:4)
  4 fire giants
  A frost giant (Depths:1)
  An emperor scorpion (Depths:3)
  A cacodemon (Depths:1)
  Aizul (Depths:2)
  A spriggan defender (Depths:2)
  6 caustic shrike skeletons (Depths:3)
  4 stone giants
  2 spark wasps
  14 ettins
  5 yaktaur captains
  4 rakshasas
  5 fire dragons
  Erolcha (D:11)
  4 vault guards (D:13)
  3 ice dragons
  2 hydras (D:15)
  2 spriggan air magi (Depths:4)
  7 centaur warriors
  28 two-headed ogres
  An anaconda (Depths:3)
  A catoblepas (D:13)
  2 death knights
  5 ogre magi
  A deep troll shaman (Depths:3)
  11 death yaks
  2 deep troll earth magi
  5 spriggan berserkers (Depths:3)
  5 hell knights
  A sun demon (Depths:4)
  5 tengu warriors
  Sonja (D:13)
  A salamander mystic (Depths:4)
  8 skeletal warriors
  3 iron trolls
  A torturous demonspawn (Depths:1)
  2 glowing orange brains
  An unseen horror (D:11)
  An infernal demonspawn (Depths:1)
  5 deep trolls
  3 spriggan druids (Depths:3)
  A flayed ghost (Depths:2)
  A sphinx zombie (Depths:1)
  A fire giant zombie (Depths:2)
  A wolf spider zombie (D:15)
  14 ugly things
  2 necromancers
  2 manticores (D:14)
  5 cyclopes
  2 deep elf magi
  A fire giant skeleton (Depths:1)
  3 centaur zombies
  3 salamanders
  A black mamba (shapeshifter) (Depths:2)
  A smoke demon (Hell)
  3 centaur skeletons
  3 gargoyles
  A demonic crawler (Depths:4)
  A komodo dragon (D:13)
  A spriggan skeleton (Depths:2)
  A komodo dragon (shapeshifter) (Depths:4)
  An efreet (D:14)
  18 yaktaurs
  An elf zombie (Depths:2)
  5 tengu conjurers
  A red devil (Depths:1)
  A queen bee (D:10)
  5 trolls
  A wind drake (shapeshifter) (Depths:2)
  5 hornets
  A hornet (shapeshifter) (Depths:2)
  Grinder (D:6)
  4 hippogriffs
  34 slime creatures
  An ice dragon zombie (Depths:1)
  2 shadows
  4 air elementals (Depths:4)
  A centaur simulacrum (D:15)
  14 spriggans
  3 wyverns
  A ynoxinul (Depths:1)
  3 water elementals (Depths:1)
  A spriggan simulacrum (Depths:1)
  22 yaks
  3 wraiths
  A fire elemental (Depths:4)
  Grum (D:9)
  A basilisk (shapeshifter) (D:14)
  A neqoxec (Depths:1)
  A steam dragon (D:9)
  A hungry ghost (D:11)
  14 vampire mosquitoes
  2 insubstantial wisps (D:9)
  3 soldier ants
  4 wargs
  Edmund (D:6)
  Duvessa (D:6)
  A water moccasin (D:12)
  13 orc warriors
  5 ice beasts
  4 phantoms
  A black bear (D:9)
  2 eyes of draining
  A meliai simulacrum (D:12)
  18 ogres
  13 boggarts
  8 sky beasts
  8 wolves
  2 necrophages
  21 centaurs
  A crocodile (D:9)
  3 big kobolds
  11 bullfrogs
  Dowan (D:6)
  A water moccasin zombie (D:6)
  A water moccasin skeleton (D:11)
  2 scorpions
  29 killer bees
  A vampire bat (D:3)
  15 wights
  2 electric eels (D:11)
  6 howler monkeys
  10 crimson imps
  2 quasits
  7 hounds
  6 jellies
  3 bullfrog zombies
  A gnoll shaman (D:9)
  9 orc priests
  3 bullfrog skeletons
  3 iron imps
  15 orc wizards
  Jessica (D:3)
  2 iguanas
  16 worker ants
  A hell rat (Depths:4)
  A bullfrog simulacrum (D:13)
  A hound skeleton (D:11)
  Robin (D:3)
  10 gnolls
  A howler monkey skeleton (D:7)
  10 adders
  3 shadow imps
  3 white imps (Depths:1)
  An ufetubus (Depths:1)
  2 oozes (D:3)
  An ooze (shapeshifter) (Depths:2)
  2 adder skeletons
  3 worms
  2 dart slugs
  9 leopard geckos
  64 orcs
  7 bats
  3 bat skeletons (D:3)
  3 bat zombies (D:3)
  A giant cockroach (D:2)
  16 goblins
  23 hobgoblins
  18 jackals
  6 quokkas
  2 ball pythons
  10 frilled lizards
  17 kobolds
  2 leopard gecko skeletons
  A leopard gecko zombie (D:5)
  A quokka skeleton (D:6)
  6 rats
  A butterfly (D:5)
  A plant (Depths:3)
865 creatures vanquished.

Vanquished Creatures (others)
  A centaur (D:5)
  2 bushes (Depths:3)
  11 plants
14 creatures vanquished.

Grand Total: 879 creatures vanquished

Notes
Turn   | Place    | Note
-------+----------+-------------------------------------------
     0 | D:1      | kuniqs the Vine Stalker Fighter began the quest for the Orb.
     0 | D:1      | Reached XP level 1. HP: 11/11 MP: 2/2
   154 | D:1      | Reached XP level 2. HP: 16/16 MP: 3/3
   531 | D:1      | Reached XP level 3. HP: 15/19 MP: 2/4
  1238 | D:2      | Gained mutation: Your natural rate of healing is unusually fast. [Vine Stalker growth]
  1238 | D:2      | Reached XP level 4. HP: 14/24 MP: 3/5
  1908 | D:3      | Reached skill level 1 in Dodging
  1957 | D:3      | Noticed Jessica
  1970 | D:4      | Reached XP level 5. HP: 28/28 MP: 6/6
  2270 | D:4      | Reached XP level 6. HP: 11/32 MP: 5/7
  2748 | D:3      | Found an ancient bone altar of Kikubaaqudgha.
  2796 | D:3      | Noticed Robin
  2815 | D:3      | Killed Robin
  3090 | D:3      | Killed Jessica
  3119 | D:3      | Reached XP level 7. HP: 17/37 MP: 6/8
  3471 | D:3      | Found a blossoming altar of Fedhas.
  3471 | D:3      | Found a bloodstained altar of Trog.
  3476 | D:3      | Found a shadowy altar of Dithmenos.
  3478 | D:3      | Found a basalt altar of Yredelemnul.
  3479 | D:3      | Found a deep blue altar of Sif Muna.
  3632 | D:5      | Entered Level 5 of the Dungeon
  3699 | D:5      | Found a hide-covered altar of Uskayaw.
  3706 | D:5      | Became a worshipper of Uskayaw the Reveler
  3735 | D:5      | Found a staircase to the Ecumenical Temple.
  3764 | D:5      | Reached * piety under Uskayaw
  3766 | D:5      | Reached skill level 1 in Maces & Flails
  3766 | D:5      | Reached ** piety under Uskayaw
  3889 | D:5      | Found a sparkling altar of Nemelex Xobeh.
  4218 | D:6      | Noticed Grinder
  4231 | D:6      | Reached *** piety under Uskayaw
  4235 | D:6      | Reached **** piety under Uskayaw
  4236 | D:6      | Killed Grinder
  4236 | D:6      | Reached skill level 1 in Invocations
  4236 | D:6      | Gained mutation: You have razor-sharp teeth. [Vine Stalker growth]
  4236 | D:6      | Reached XP level 8. HP: 37/42 MP: 9/9
  4311 | D:6      | Noticed Duvessa
  4312 | D:6      | Noticed Dowan
  4319 | D:6      | Killed Duvessa
  4326 | D:6      | Killed Dowan
  4389 | D:6      | Reached skill level 5 in Shields
  4479 | D:6      | Noticed Edmund
  4524 | D:6      | Found Cykheam's Antique Weapon Boutique.
  4546 | D:6      | Killed Edmund
  4553 | D:6      | Reached ***** piety under Uskayaw
  4567 | D:6      | Reached skill level 5 in Fighting
  4573 | D:6      | Bought a brightly glowing short sword for 208 gold pieces
  4573 | D:6      | Identified the +7 short sword of the Shark {speed, rC+ Dex+5} (You bought it in a shop on level 6 of the Dungeon)
  4792 | D:6      | Got a faintly humming leather armour
  4803 | D:6      | Identified the +3 leather armour of the Soldier {Str+4 Dex+2} (You found it on level 6 of the Dungeon)
  5143 | D:7      | Reached XP level 9. HP: 47/47 MP: 10/12
  5539 | D:7      | Reached skill level 5 in Armour
  5542 | D:7      | Noticed a troll
  5560 | D:7      | Killed a troll
  5562 | D:7      | Reached ****** piety under Uskayaw
  5563 | D:7      | Noticed a white ugly thing
  5567 | D:7      | Killed a white ugly thing
  5567 | D:7      | Reached skill level 5 in Short Blades
  5591 | D:7      | Identified the Tome of Freezing Good Luck
  5601 | D:7      | Identified Jemu's Grimoire of Dislocated Feathers
  6001 | D:8      | Reached XP level 10. HP: 53/53 MP: 14/14
  6182 | D:8      | Gained mutation: Your spells are a little harder to cast, but a little more powerful. [mutagenic meat]
  6183 | D:8      | Gained mutation: You have a pair of small antennae on your head. [mutagenic meat]
  6185 | D:8      | Gained mutation: Your system is resistant to poisons. (rPois) [mutagenic meat]
  6186 | D:8      | Lost mutation: Your spells are a little harder to cast, but a little more powerful. [mutagenic meat]
  6197 | D:8      | Noticed Gastronok
  6204 | D:8      | Reached skill level 5 in Invocations
  6232 | D:8      | Killed Gastronok
  6232 | D:8      | Reached skill level 5 in Dodging
  6456 | D:8      | Reached XP level 11. HP: 31/58 MP: 16/16
  6903 | D:9      | Noticed Grum
  6954 | D:9      | Killed Grum
  7044 | D:9      | Noticed a two-headed ogre
  7057 | D:9      | Killed a two-headed ogre
  7502 | D:10     | Entered Level 10 of the Dungeon
  7778 | D:10     | Found Ysudghyr's Food Shoppe.
  8241 | D:10     | Noticed a two-headed ogre
  8258 | D:10     | Killed a two-headed ogre
  8383 | D:10     | Noticed a cyclops
  8391 | D:10     | Killed a cyclops
  8502 | D:10     | Gained mutation: You heal very quickly. [Vine Stalker growth]
  8502 | D:10     | Reached XP level 12. HP: 63/63 MP: 18/18
  8565 | D:11     | Found a staircase to the Orcish Mines.
  8680 | D:11     | Found a staircase to the Lair.
  8800 | D:11     | Found a snail-covered altar of Cheibriados.
  8893 | D:11     | Found a basalt altar of Yredelemnul.
  8942 | D:11     | Noticed Erolcha
  8951 | D:11     | Killed Erolcha
  9208 | D:11     | Noticed a two-headed ogre
  9219 | D:11     | Killed a two-headed ogre
  9227 | D:11     | Found Usteaff's Distillery.
  9238 | D:11     | Got a glittering jade ring
  9239 | D:11     | Identified the ring "Biucw" {rCorr rPois MR- Str+4} (You found it on level 11 of the Dungeon)
  9364 | D:11     | Found a glowing golden altar of the Shining One.
  9949 | D:12     | Noticed a centaur warrior
  9960 | D:12     | Killed a centaur warrior
  9960 | D:12     | Reached XP level 13. HP: 68/69 MP: 20/20
 10829 | D:13     | Noticed Sonja
 10833 | D:13     | Killed Sonja
 11160 | D:13     | Found a gate to the Vaults.
 11160 | D:13     | Noticed a vault guard
 11160 | D:13     | Noticed a vault guard
 11160 | D:13     | Noticed a vault guard
 11178 | D:13     | Killed a vault guard
 11196 | D:13     | Killed a vault guard
 11200 | D:13     | Killed a vault guard
 11394 | D:13     | Noticed a vault guard
 11397 | D:13     | Reached skill level 10 in Shields
 11419 | D:13     | Killed a vault guard
 11419 | D:13     | Reached XP level 14. HP: 36/75 MP: 22/22
 11475 | D:13     | You fall through a shaft for 2 floors!
 11475 | D:15     | Entered Level 15 of the Dungeon
 11485 | D:14     | Found Xusixkamp's Gadget Boutique.
 11490 | D:14     | Found Ozixe's Food Boutique.
 12210 | D:14     | Identified Ihuseepu's Catalogue of Transformation and Enhancements
 12299 | D:14     | Reached skill level 10 in Fighting
 12497 | D:15     | Reached skill level 10 in Invocations
 12817 | D:13     | Reached XP level 15. HP: 81/81 MP: 23/23
 12818 | D:13     | Reached skill level 10 in Short Blades
 12818 | D:13     | Reached XP level 16. HP: 86/86 MP: 25/25
 12930 | D:15     | Found a staircase to the Depths.
 13610 | Depths:1 | Entered Level 1 of the Depths
 13637 | Depths:1 | Reached XP level 17. HP: 85/91 MP: 26/26
 13716 | D:14     | Bought a wand of digging (9/24) for 312 gold pieces
 13794 | Depths:1 | Reached skill level 10 in Armour
 13942 | Depths:1 | Found a gateway to a ziggurat.
 13969 | Depths:1 | Noticed Jorgrun
 13986 | Depths:1 | Killed Jorgrun
 14003 | Depths:1 | Reached skill level 10 in Dodging
 14514 | Depths:1 | Noticed Bai Suzhen
 14526 | Depths:1 | Killed Bai Suzhen
 14877 | Depths:1 | Paralysed by a Zot trap for 2 turns
 14947 | Depths:1 | Found a gateway to Hell.
 14956 | Hell     | Entered the Vestibule of Hell
 14956 | Hell     | Noticed Geryon
 15102 | Depths:1 | Found a one-way gate leading to the halls of Pandemonium.
 15413 | Depths:2 | Noticed Aizul
 15445 | Depths:2 | Killed Aizul
 15663 | Depths:2 | Noticed a juggernaut
 15689 | Depths:2 | Killed a juggernaut
 15770 | Depths:2 | Noticed a sphinx
 15797 | Depths:2 | Killed a sphinx
 15845 | Depths:2 | Reached XP level 18. HP: 98/98 MP: 28/28
 15933 | Depths:2 | Noticed a quicksilver dragon
 15934 | Depths:2 | Noticed a caustic shrike
 15945 | Depths:2 | Killed a quicksilver dragon
 16151 | Depths:2 | Killed a caustic shrike
 16204 | Depths:2 | Got a warped silver ring
 16205 | Depths:2 | Identified the ring "Pyabi" {rN++ Int+2 Dex-2 SInv} (You took it off a centaur warrior on level 2 of the Depths)
 17504 | Depths:5 | Entered Level 5 of the Depths
 17949 | Depths:4 | Reached XP level 19. HP: 99/103 MP: 29/29
 18007 | Depths:4 | Reached skill level 1 in Stealth
 18398 | Depths:3 | Found a bloodstained altar of Trog.
 18631 | Depths:4 | Noticed a juggernaut
 18650 | Depths:4 | Killed a juggernaut
 18725 | Depths:4 | Identified the +5 rapier "Jelly's Funeral" {pierce, rPois Str+2} (You found it on level 4 of the Depths)
 18935 | Depths:4 | Found a one-way gate to the infinite horrors of the Abyss.
 19507 | Depths:3 | Reached skill level 5 in Stealth
 19829 | Hell     | Slain by a reaper

Skill      XL: |  1  2  3  4  5  6  7  8  9 10 11 12 13 14 15 16 17 18 19 |
---------------+----------------------------------------------------------+-----
Short Blades   | 2 3 4 5 6 7 8 9 10 11 12 | 12.2
Shields        | 3 4 5 6 7 8 9 10 11 12 13 | 13.3
Fighting       | 3 4 5 6 7 8 9 10 11 12 13 | 13.1
Dodging        | 1 2 3 4 5 6 7 8 9 10 11 | 11.8
Armour         | 3 4 5 6 7 8 9 10 11 | 11.9
Maces & Flails | 1 |  1.2
Invocations    | 1 2 4 5 7 8 9 10 11 12 13 | 13.5
Stealth        | 5 |  5.6

Action                   |  1- 3 |  4- 6 |  7- 9 | 10-12 | 13-15 | 16-18 | 19-21 || total
-------------------------+-------+-------+-------+-------+-------+-------+-------++-------
Melee: Rapier            |   112 |   126 |       |       |       |       |       ||   238
       Bite              |    26 |    69 |   121 |   356 |   332 |   663 |   230 ||  1797
       Dagger            |       |    77 |       |       |       |       |       ||    77
       Whip              |       |    16 |   185 |       |       |       |       ||   201
       Short sword       |       |       |   114 |   700 |   557 |  1123 |   419 ||  2913
       Eudemon blade     |       |       |       |    30 |    44 |    55 |       ||   129
Invok: Line Pass         |       |       |       |     4 |       |     5 |       ||     9
       Grand Finale      |       |       |       |       |     1 |     4 |       ||     5
Evoke: Lightning rod     |       |       |       |       |     4 |       |       ||     4
  Use: Scroll            |       |       |     1 |     4 |    22 |     4 |     3 ||    34
       Potion            |       |       |       |       |     8 |       |       ||     8
 Stab: Paralysed         |       |       |     9 |    47 |    46 |   111 |    41 ||   254
       Confused          |       |       |       |       |       |     1 |       ||     1
  Eat: Chunk             |     1 |     6 |     9 |    22 |    11 |    16 |     7 ||    72
       Royal jelly       |       |       |       |       |       |     3 |       ||     3
Armor: Scale mail        |    35 |    72 |    59 |   123 |    78 |       |       ||   367
       Chain mail        |       |       |    18 |       |       |   158 |    74 ||   250
       Plate armour      |       |       |       |       |       |    13 |       ||    13
Dodge: Dodged            |    24 |    84 |    71 |   211 |   149 |   261 |   138 ||   938
Block: Shield            |    54 |   148 |   155 |   266 |   226 |   374 |   167 ||  1390
       Reflection        |       |       |     6 |       |       |       |       ||     6
       Rpst.: Eudemon blade |       |       |       |     2 |     4 |     9 |       ||    15
